 Dungeon Crawl Stone Soup version 0.22.1-1-ga44c0e56f4 (webtiles) character file.

787609 gre3edy the Imperceptible (level 27, -29/205 HPs)
             Began as a Demonspawn Enchanter on Oct 19, 2018.
             Was the Champion of Dithmenos.
             Annihilated by an Orb Guardian (40 damage)
             ... on level 5 of the Realm of Zot on Oct 22, 2018.
             The game lasted 09:07:53 (89764 turns).

gre3edy the Imperceptible (Demonspawn Enchanter)   Turns: 89764, Time: 09:07:54

Health: -29/205    AC: 32    Str: 10    XL:     27
Magic:  40/40      EV: 27    Int: 28    God:    Dithmenos [******]
Gold:   7239       SH: 11    Dex: 22    Spells: 20/52 levels left

rFire    + + .     SeeInvis .   e - +12 Vampire's Tooth {vamp}
rCold    + . .     Gourm    .   z - +3 warlock's mirror {reflect}
rNeg     + + .     Faith    .   O - +8 scale mail of the Tuna {Int+4}
rPois    +         Spirit   .   (helmet unavailable)
rElec    +         Reflect  +   P - +0 cloak of the Unstoppable Runes {rCorr} (curse)
rCorr    +         Harm     .   I - +3 pair of gauntlets of War {Slay+5}
MR       ++...                  L - +3 pair of boots of Wasted Space {rF- Int+3 Slay+3}
Stlth    ++++++++++             U - amulet of the Air {Inacc +Fly rElec EV+5 RMsl}
HPRegen  0.00/turn              W - ring "Facw" {rC+ Str+3 Slay+6}
MPRegen  0.27/turn              v - ring of Pride {rF+ rN++}

@: about to teleport, slightly contaminated, wreathed by umbra, drained, repel
missiles
A: horns 3, yellow scales 3, fire resistance 2, ignite blood, sense surroundings
1, poison resistance, shaggy fur 1, inhibited regeneration, spiny 3, weak 1,
wild magic 1, augmentation 3, flame cloud immunity
}: 5/15 runes: serpentine, barnacled, slimy, silver, abyssal
a: Shadow Step, Shadow Form, Renounce Religion, Evoke Flight


You were on level 5 of the Realm of Zot.
You worshipped Dithmenos.
Dithmenos was exalted by your worship.
You were very hungry.

You visited 13 branches of the dungeon, and saw 61 of its levels.
You visited the Abyss 2 times.
You visited 1 ziggurat, and saw 10 of its levels.
You also visited: Trove, Ossuary and Desolation.

You collected 9599 gold pieces.
You spent 2360 gold pieces at shops.

Inventory:

Hand Weapons
 e - the +12 Vampire's Tooth (weapon) {vamp}
   (You found it on level 3 of the Crypt)

   It inflicts no extra harm, but heals its wielder when it wounds a living foe.
Armour
 z - the +3 warlock's mirror (worn) {reflect}
   (You found it on level 3 of the Elven Halls)
 I - the +3 pair of gauntlets of War (worn) {Slay+5}
   (You found it on level 9 of the Dungeon)

   It affects your accuracy and damage with ranged weapons and melee attacks
   (+5).
 L - the +3 pair of boots of Wasted Space (worn) {rF- Int+3 Slay+3}
   (You found it in the Desolation of Salt)

   It affects your intelligence (+3).
   It affects your accuracy and damage with ranged weapons and melee attacks
   (+3).
   It makes you vulnerable to fire.
 O - the +8 scale mail of the Tuna (worn) {Int+4}
   (You found it in the Desolation of Salt)

   It affects your intelligence (+4).
 P - the cursed +0 cloak of the Unstoppable Runes (worn) {rCorr}
   (You found it on level 5 of the Realm of Zot)

   It provides partial protection from all sources of acid and corrosion.
   It has a curse placed upon it.
 X - the +2 cloak of Mirth {MP+9 Dex+4}
   (You found it on level 6 of the Lair of Beasts)

   It affects your dexterity (+4).
   It affects your magic capacity (+9).
Jewellery
 k - the amulet of Ennichei {Inacc Fragile rPois Dex+7}
   (You found it on level 5 of a ziggurat)

   [amulet of inaccuracy]

   It reduces the accuracy of all your attacks.
   It affects your dexterity (+7).
   It protects you from poison.
   It will be destroyed if unequipped.
 r - the ring of Noymubae {rC+ Stlth-}
   (You found it on level 6 of a ziggurat)

   [ring of attention]

   It protects you from cold.
   It makes you less stealthy.
 t - the ring "Peloteiv" {rElec rC+ Stlth+}
   (You found it on level 9 of a ziggurat)

   [ring of stealth]

   It protects you from cold.
   It insulates you from electricity.
   It makes you more stealthy.
 v - the ring of Pride (right hand) {rF+ rN++}
   (You found it in the Desolation of Salt)

   [ring of protection from fire]

   It protects you from fire.
   It greatly protects you from negative energy.
 x - a +3 ring of strength
 B - the ring "Qiraoch" {Dex+5 SInv}
   (You found it on level 9 of a ziggurat)

   [ring of dexterity]

   It affects your dexterity (+5).
   It lets you see invisible.
 G - the ring "Zemm" {rF+ MR+ Int+3 Dex+4 Stlth+}
   (You found it on level 10 of a ziggurat)

   [ring of protection from fire]

   It affects your intelligence (+3).
   It affects your dexterity (+4).
   It protects you from fire.
   It affects your resistance to hostile enchantments.
   It makes you more stealthy.
 M - a +3 amulet of reflection {unknown}
 U - the amulet of the Air (around neck) {Inacc +Fly rElec EV+5 RMsl}
   (You found it on level 5 of the Vaults)

   [amulet of inaccuracy]

   It reduces the accuracy of all your attacks.
   It affects your evasion (+5).
   It insulates you from electricity.
   It lets you fly.
   It protects you from missiles.
 W - the ring "Facw" (left hand) {rC+ Str+3 Slay+6}
   (You took it off a deep elf annihilator on level 3 of the Elven Halls)

   [ring of protection from cold]

   It affects your strength (+3).
   It affects your accuracy and damage with ranged weapons and melee attacks
   (+6).
   It protects you from cold.
Wands
 c - a wand of digging (45)
Scrolls
 g - 14 scrolls of enchant weapon
 h - 14 scrolls of enchant armour
 j - 6 scrolls of fog
 m - 20 scrolls of teleportation
 n - 22 scrolls of remove curse
 o - 19 scrolls of amnesia
 q - a scroll of brand weapon
 u - 8 scrolls of fear
 y - 7 scrolls of blinking
 E - 3 scrolls of summoning
 F - 4 scrolls of magic mapping
 J - 6 scrolls of identify
 S - 2 scrolls of silence
Potions
 a - 3 potions of magic
 b - 8 potions of flight
 f - 3 potions of mutation
 i - 6 potions of invisibility
 l - 3 potions of ambrosia
 p - 17 potions of lignification
 s - 26 potions of curing
 w - 5 potions of might
 A - 5 potions of berserk rage
 C - 9 potions of haste
 D - 9 potions of brilliance
 H - a potion of heal wounds
 K - a potion of cancellation
 N - 11 potions of agility
 Y - 2 potions of resistance
Comestibles
 d - 66 rations


   Skills:
 + Level 14.4(14.2) Fighting
 + Level 21.6(21.4) Short Blades
 - Level 12.4(12.2) Armour
 + Level 20.5(20.3) Dodging
 + Level 23.0(22.8) Stealth
 - Level 12.4(12.3) Shields
 + Level 13.0(12.9) Spellcasting
 - Level 3.0(2.9) Conjurations
 + Level 22.9(22.7) Hexes
 - Level 2.3(2.2) Air Magic
 - Level 3.0(2.9) Poison Magic
 - Level 16.6(16.4) Invocations


You had 20 spell levels left.
You knew the following spells:

 Your Spells              Type           Power        Failure   Level  Hunger
a - Corona                Hex            #######      1%          1    None
b - Ensorcelled Hibernat  Hex/Ice        ######       1%          2    None
c - Dazzling Spray        Conj/Hex       ######       1%          3    None
d - Mephitic Cloud        Conj/Pois/Air  #####...     17%         3    None
e - Invisibility          Hex            ########     1%          6    ####...
f - Cause Fear            Hex            ########..   1%          4    None
g - Leda's Liquefaction   Hex/Erth       #######...   2%          4    None
h - Darkness              Hex            ########..   1%          6    ####...
i - Confuse               Hex            ########     1%          3    None

Your spell library contained the following spells:

 Spells                   Type           Power        Failure   Level  Hunger
 Confusing Touch          Hex            ######       1%          1    None
 Slow                     Hex            ########     1%          2    None
 Inner Flame              Hex/Fire       #######.     1%          3    None
 Portal Projectile        Hex/Tloc       ######       1%          3    None
 Summon Guardian Golem    Hex/Summ       #######.     1%          3    None
 Tukima's Dance           Hex            ########     1%          3    None
 Fulminant Prism          Conj/Hex       #######...   1%          4    None
 Silence                  Hex/Air        #######...   3%          5    ##.....
 Metabolic Englaciation   Hex/Ice        #######...   5%          5    ##.....
 Summon Mana Viper        Hex/Summ       #######.     5%          5    ##.....
 Yara's Violent Unravell  Hex/Tmut       #######...   5%          5    ##.....
 Magic Dart               Conj           ####         6%          1    None
 Sting                    Conj/Pois      ####         6%          1    None
 Searing Ray              Conj           #####.       9%          2    None
 Flame Tongue             Conj/Fire      ####.        11%         1    None
 Poisonous Vapours        Pois/Air       #####.       11%         2    None
 Throw Flame              Conj/Fire      ####..       16%         2    None
 Throw Frost              Conj/Ice       ####..       16%         2    None
 Swiftness                Chrm/Air       ####....     17%         2    None
 Animate Skeleton         Necr           N/A          19%         1    None
 Apportation              Tloc           ###...       19%         1    None
 Beastly Appendage        Tmut           ###...       19%         1    None
 Freeze                   Ice            ###.         19%         1    None
 Infusion                 Chrm           ###.         19%         1    None
 Sandblast                Erth           ###...       19%         1    None
 Summon Butterflies       Summ           ###.....     19%         1    None
 Summon Small Mammal      Summ           ###.         19%         1    None
 Static Discharge         Conj/Air       #####...     19%         3    None
 Blink                    Tloc           N/A          26%         2    None
 Call Imp                 Summ           ###.....     26%         2    None
 Corpse Rot               Necr           N/A          26%         2    None
 Passwall                 Tmut/Erth      ###.....     26%         2    None
 Shroud of Golubria       Chrm/Tloc      ###.......   26%         2    None
 Sticks to Snakes         Tmut           ###.....     26%         2    None
 Sublimation of Blood     Necr           ###.......   26%         2    None
 Conjure Flame            Conj/Fire      ####....     28%         3    None
 Spider Form              Tmut/Pois      ####......   28%         3    None
 Stone Arrow              Conj/Erth      ####..       28%         3    None
 Call Canine Familiar     Summ           ###.....     45%         3    None
 Gell's Gravitas          Tloc           ###.......   45%         3    None
 Lesser Beckoning         Tloc           ###.......   45%         3    None
 Ozocubu's Armour         Chrm/Ice       ###.....     45%         3    None
 Recall                   Summ/Tloc      N/A          45%         3    None
 Regeneration             Chrm/Necr      ###.......   45%         3    None
 Teleport Other           Tloc           ###.....     45%         3    None
 Vampiric Draining        Necr           ###.......   45%         3    None
 Iskenderun's Mystic Bla  Conj           #####...     45%         4    None
 Olgreb's Toxic Radiance  Pois           #####...     45%         4    None
 Airstrike                Air            #####.....   54%         4    None
 Force Lance              Conj/Tloc      ####....     65%         4    None
 Throw Icicle             Conj/Ice       ####....     65%         4    None
 Summon Lightning Spire   Summ/Air       ####....     69%         4    None
 Venom Bolt               Conj/Pois      #####.....   78%         5    ##.....
 Animate Dead             Necr           N/A          83%         4    None
 Ice Form                 Ice/Tmut       ###.....     83%         4    None
 Passage of Golubria      Tloc           N/A          83%         4    None
 Petrify                  Tmut/Erth      ###.....     83%         4    None
 Summon Ice Beast         Ice/Summ       ###.....     83%         4    None
 Lightning Bolt           Conj/Air       #####.....   83%         5    ##.....
 Alistair's Intoxication  Tmut/Pois      ####....     92%         5    ##.....
 Fireball                 Conj/Fire      ####......   92%         5    ##.....
 Iskenderun's Battlesphe  Conj/Chrm      ####....     92%         5    ##.....
 Bolt of Magma            Conj/Fire/Erth ####......   96%         5    ##.....
 Agony                    Necr           ###.....     99%         5    ##.....
 Blade Hands              Tmut           ###.......   99%         5    ##.....
 Borgnjor's Vile Clutch   Necr/Erth      ###.......   99%         5    ##.....
 Dispel Undead            Necr           ###.....     99%         5    ##.....
 Excruciating Wounds      Chrm/Necr      ###.......   99%         5    ##.....
 Lee's Rapid Deconstruct  Erth           ###.......   99%         5    ##.....
 Summon Demon             Summ           ###.......   99%         5    ##.....
 Bolt of Fire             Conj/Fire      ####......   100%        6    ####...
 Death Channel            Necr           ###.......   100%        6    ####...
 Hydra Form               Tmut           ###.......   100%        6    ####...
 Iron Shot                Conj/Erth      ####......   100%        6    ####...
 Poison Arrow             Conj/Pois      #####.....   100%        6    ####...
 Simulacrum               Ice/Necr       ###.......   100%        6    ####...
 Statue Form              Tmut/Erth      ###......    100%        6    ####...
 Malign Gateway           Summ/Tloc      ###.......   100%        7    ######.
 Monstrous Menagerie      Summ           ###.......   100%        7    ######.
 Orb of Destruction       Conj           #####.....   100%        7    ######.
 Spellforged Servitor     Conj/Summ      ####......   100%        7    ######.
 Summon Greater Demon     Summ           ###.......   100%        7    ######.
 Summon Hydra             Summ           ###.......   100%        7    ######.
 Chain Lightning          Conj/Air       #####.....   100%        8    #######
 Controlled Blink         Tloc           N/A          100%        8    #######
 Ignition                 Fire           ###.......   100%        8    #######
 Lehudib's Crystal Spear  Conj/Erth      ####......   100%        8    #######
 Summon Horrible Things   Summ           ###.......   100%        8    #######
 Fire Storm               Conj/Fire      ####......   100%        9    #######
 Glaciate                 Conj/Ice       ####......   100%        9    #######
 Shatter                  Erth           ###.......   100%        9    #######
 Tornado                  Air            #####.....   100%        9    #######


Dungeon Overview and Level Annotations

Branches:
Dungeon (15/15)            Temple (0/1) D:6            Lair (6/6) D:9
 Shoals (4/4) Lair:3        Snake (4/4) Lair:3        Slime (5/5) Lair:6
    Orc (2/2) D:9             Elf (3/3) Orc:2        Vaults (5/5) D:14
  Crypt (3/3) Vaults:2       Tomb (0/3) Crypt:3      Depths (5/5) D:15
   Hell (1/1)                 Dis (0/7) Hell            Geh (3/7) Hell
    Coc (0/7) Hell            Tar (0/7) Hell            Zot (5/5) Depths:5

Altars:
Ashenzari
Cheibriados
Dithmenos
Elyvilon
Fedhas
Gozag
Nemelex Xobeh
Qazlal
Ru
Sif Muna
Trog
Vehumet
Wu Jian
Xom
Yredelemnul
Jiyva

Shops:
D:6 ?   D:9 !   D:12 [   Orc:1 *   Orc:2 [((}   Elf:1 [   Elf:2 =   Shoals:3 =
Snake:3 (   Vaults:2 }

Portals:
Hell: Depths:1 Depths:2 Depths:4 Depths:5
Abyss: Depths:3 Depths:4
Pandemonium: Depths:2 Depths:5


Innate Abilities, Weirdness & Mutations

You have a pair of large horns on your head.
You are completely covered in yellow scales. (AC +4, rCorr)
Your flesh is very heat resistant. (rF++)
Your demonic aura causes spilled blood to erupt in flames.
You are completely covered in sharp spines.
Your magical and physical power is greatly enhanced at high health.
You are immune to clouds of flame.
You passively map a small area around you.
Your system is resistant to poisons. (rPois)
You are covered in fur. (AC +1)
You do not regenerate when monsters are visible.
You are weak. (Str -2)
Your spells are a little harder to cast, but a little more powerful.


Message History

* * * LOW HITPOINT WARNING * * *
The Ice Fiend freezes you! You resist.
* * * LOW HITPOINT WARNING * * *
You emit a cloud of dark smoke.
The Ice Fiend claws you!
* * * LOW HITPOINT WARNING * * *
The Ice Fiend freezes you!! You resist.
* * * LOW HITPOINT WARNING * * *
Something touches you.
* * * LOW HITPOINT WARNING * * *
You partially resist.
You feel drained.
The hell beast is struck by your spines.
The hell beast bites you but does no damage.
The hell beast tramples you but does no damage.
You can move again.
Unknown command.
The ancient lich casts a spell at you. The bolt of lightning misses you.
The Orb Guardian is struck by your spines.
The Orb Guardian hits you!!!
You die...

#....................# ##..
#..^......(^.....)...# #...
#............^.^))^..# ##...
#...............)))..###....
#.........§(...)[..###...##
#.....^.......)..##....##
##...............^^..###
▓▓.....##▓▓▓▓▓▓▓▓▓▓▓#
▓▓.......@.1(.§§.▓▓▓▓
▓▓..^.†....XL{§2§:...▓#
▓......(....X§y§§§.....
▓.............2§§§......
▓..[..^.......§§2X...... *
▓▓......................
▓▓....(...............X, ,
▓▓...............^....,
*▓.....................


You could see an ancient lich, an Ice Fiend, a hell beast, 2 Orb Guardians, a
reaper and a moth of wrath.

Vanquished Creatures
  the Royal Jelly (Slime:5)
  An orb of fire (Zot:5)
  9 ancient liches
  A juggernaut (Depths:4)
  A shard shrike (Zig:10)
  Boris (Depths:5)
  The ghost of 4FPSwarrior the Warrior, a veteran DsAK of Lugonu (Depths:4)
  4 curse toes
  Vashnia (Snake:3)
  The ghost of Jiecvoet the Hoplite, a veteran GrFi of Okawaru (Vaults:2)
  Geryon (Hell)
  5 caustic shrikes (Depths:5)
  2 Killer Klowns
  6 golden dragons
  A bone dragon (Crypt:3)
  Nikola (Snake:3)
  Jory (Vaults:5)
  An iron giant (Zig:7)
  An Ice Fiend (Zig:10)
  5 electric golems
  15 liches
  17 tentacled monstrosities
  10 Orb Guardians (Zot:5)
  2 titans (Vaults:5)
  A deep elf master archer (Zig:8)
  7 quicksilver dragons
  28 acid blobs
  2 deep elf blademasters
  9 ancient champions
  Frances (Snake:1)
  9 sphinxes
  9 death cobs
  Kirke (D:13)
  11 tentacled starspawn
  Ilsuiw (Shoals:2)
  10 tengu reavers
  17 storm dragons
  11 shadow dragons
  9 nagarajas
  20 azure jellies
  6 draconian monks
  6 revenants
  24 vault wardens
  2 draconian knights
  21 frost giants
  8 deep elf sorcerers
  2 cacodemons
  6 fire giants
  3 iron dragons
  4 draconian scorchers
  An imperial myrmidon (Desolation)
  An orc warlord (Orc:1)
  2 balrugs
  A ghost moth (shapeshifter) (Depths:5)
  10 deep elf elementalists
  4 ghost moths
  6 draconian shifters
  5 draconian annihilators
  A curse skull (Crypt:3)
  5 reapers
  15 very ugly things
  6 war gargoyles
  14 ironheart preservers
  7 spriggan defenders
  7 green draconians
  A juggernaut skeleton (Crypt:1)
  10 vampire knights
  15 stone giants
  2 entropy weavers
  16 deep elf annihilators
  13 red draconians
  7 deep elf demonologists
  6 purple draconians
  13 white draconians
  7 yellow draconians
  10 black draconians
  2 lorocyprocas
  3 halazid warlocks (Desolation)
  17 large abominations
  8 spark wasps
  6 blizzard demons
  2 ragged hierophants (Desolation)
  6 deep elf death magi
  7 death oozes
  2 mummy priests
  10 merfolk impalers
  4 eidola
  11 ettins
  5 merfolk javelineers
  Josephine (Lair:5)
  A green death (Abyss:4)
  11 deep elf high priests
  11 fire dragons
  2 crystal guardians (Desolation)
  A quicksilver dragon zombie (Crypt:2)
  The ghost of matti1234 the Covert, a journeyman OpWr of Gozag (Lair:4)
  9 rakshasas
  21 great orbs of eyes
  16 jiangshi
  8 servants of whispers (Desolation)
  13 yaktaur captains
  11 peacekeepers (Desolation)
  12 centaur warriors
  30 vault guards
  2 merfolk avatars
  26 naga warriors
  14 ice dragons
  2 catoblepae
  9 anacondas
  6 merfolk aquamancers
  6 spriggan air magi
  2 death knights
  5 satyrs
  8 hydras
  26 two-headed ogres
  9 deep troll shamans
  An anaconda (shapeshifter) (Depths:5)
  12 ogre magi
  19 dancing weapons
  8 death yaks
  8 tengu warriors
  A two-headed ogre (shapeshifter) (Depths:5)
  A titan zombie (Zig:10)
  9 deep troll earth magi
  7 hell hogs
  2 orc high priests
  19 naga sharpshooters
  10 vampire magi
  20 thrashing horrors
  15 hell knights
  4 spriggan berserkers
  6 shock serpents
  23 deep elf knights
  2 iron golems (Hell)
  A storm dragon zombie (Crypt:2)
  Sonja (Lair:2)
  8 sun demons (Hell)
  8 soul eaters
  12 wretched stars
  2 iron trolls (Hell)
  A ghost moth zombie (Geh:1)
  3 shadow wraiths
  2 golden dragon zombies
  7 spatial maelstroms
  9 sea snakes
  5 sixfirhies
  A death drake (shapeshifter) (Zig:2)
  4 glowing orange brains
  6 salamander mystics
  A gelid demonspawn (Depths:2)
  33 skeletal warriors
  6 unseen horrors
  24 deep trolls
  23 ironbrand convokers
  A glowing orange brain (shapeshifter) (Vaults:5)
  3 shadow dragon zombies (Crypt:3)
  14 flayed ghosts
  A swamp dragon (shapeshifter) (Depths:5)
  20 orc knights
  30 deep elf archers
  12 naga ritualists
  A harpy (shapeshifter) (Elf:2)
  12 necromancers
  A tengu zombie (Hell)
  A golden dragon skeleton (Crypt:1)
  14 phantasmal warriors
  2 lindwurms (Lair:6)
  13 shining eyes
  4 stone giant zombies
  An orb spider (shapeshifter) (Depths:4)
  A shadow dragon skeleton (Crypt:2)
  13 wizards
  A tengu skeleton (Zig:10)
  12 harpies
  2 orb spiders (Zig:6)
  3 wolf spiders
  A fire giant zombie (Crypt:3)
  A sphinx skeleton (Zig:10)
  38 ugly things
  5 fauns
  68 deep elf magi
  14 mana vipers
  An orc sorcerer (Orc:1)
  An iron dragon zombie (Crypt:3)
  A salamander (shapeshifter) (Depths:1)
  12 cyclopes
  A shock serpent zombie (Crypt:2)
  Maurice (D:12)
  5 rust devils
  10 salamanders
  26 moths of wrath
  35 black mambas
  2 ice statues (Depths:4)
  9 manticores
  2 frost giant skeletons
  16 elephants
  9 merfolk sirens
  8 smoke demons
  2 stone giant skeletons
  4 water nymphs
  4 eyes of devastation
  A worldbinder (Abyss:3)
  2 human skeletons
  A dire elephant zombie (Crypt:3)
  9 guardian serpents
  23 vault sentinels
  37 naga magi
  Joseph (D:6)
  Psyche (D:10)
  6 torpor snails
  A molten gargoyle (Lair:5)
  6 orange demons
  12 spiny frogs
  2 apocalypse crabs (Abyss:4)
  4 hellions
  A rime drake (Lair:5)
  43 yaktaurs
  A storm dragon simulacrum (Crypt:2)
  2 gargoyles (D:15)
  An anaconda simulacrum (Hell)
  4 efreet
  2 rime drakes (shapeshifter)
  3 spriggan zombies (Hell)
  A sea snake zombie (Crypt:1)
  22 small abominations
  6 komodo dragons
  15 ice devils
  4 tormentors
  2 kobold demonologists
  An emperor scorpion zombie (Crypt:3)
  A demonic crawler (Zig:6)
  5 freezing wraiths
  10 ancient zymes
  A swamp worm zombie (Crypt:1)
  5 guardian mummies
  2 hydra zombies (Hell)
  3 hellwings
  3 tyrant leeches (Lair:6)
  3 wind drakes
  3 tengu conjurers
  24 merfolk
  A yaktaur skeleton (Vaults:4)
  5 trolls
  A jumping spider (shapeshifter) (Elf:2)
  A moth of wrath zombie (Crypt:3)
  13 raiju
  16 hornets
  12 polar bears
  A raiju (shapeshifter) (Depths:4)
  A wolf spider simulacrum (D:15)
  Prince Ribbit (Lair:2)
  3 hydra skeletons (Hell)
  60 saltlings (Desolation)
  A hippogriff (shapeshifter) (Depths:4)
  5 snapping turtles
  102 slime creatures
  12 dream sheep
  A stone giant simulacrum (Vaults:4)
  8 blink frogs
  A meliai zombie (D:12)
  2 ice dragon skeletons
  9 hippogriffs
  3 ice dragon zombies
  2 fire giant simulacra (Vaults:2)
  A black mamba zombie (Geh:3)
  13 flying skulls
  2 fire dragon zombies (Hell)
  4 redbacks (Vaults:4)
  7 spriggans
  3 air elementals
  An ettin skeleton (Abyss:1)
  3 wyverns
  2 redbacks (shapeshifter)
  2 tarantellas (Zig:6)
  17 water elementals
  2 elf zombies
  A ynoxinul (Abyss:2)
  8 shadows
  2 ushabtiu (Zig:5)
  9 fire elementals
  16 yaks
  A human (D:7)
  A tyrant leech zombie (Crypt:3)
  5 hogs
  A wind drake zombie (Crypt:3)
  13 wraiths
  2 basilisks
  A human (shapeshifter) (Vaults:5)
  A basilisk (shapeshifter) (Vaults:1)
  16 golden eyes
  4 chaos spawn
  A steam dragon (Lair:4)
  14 wargs
  5 vampire mosquitoes
  A yaktaur simulacrum (Vaults:2)
  6 neqoxecs
  A human simulacrum (Vaults:2)
  12 spatial vortices
  A warg (shapeshifter) (Vaults:3)
  5 insubstantial wisps (Abyss:4)
  61 nagas
  4 acid dragons (Vaults:1)
  19 water moccasins
  2 soldier ants
  A spiny frog zombie (Hell)
  An orb spider zombie (Crypt:1)
  A monstrous demonspawn skeleton (Crypt:3)
  A water nymph skeleton (Crypt:2)
  18 porcupines
  25 hell hounds
  A hydra simulacrum (Abyss:3)
  An infernal demonspawn skeleton (Crypt:2)
  A swamp dragon zombie (Crypt:1)
  58 orc warriors
  An ettin simulacrum (Vaults:4)
  2 eyes of draining (shapeshifter)
  2 spiny frog skeletons (Hell)
  A hornet zombie (Crypt:2)
  5 ice beasts
  2 sky beasts
  13 black bears
  A snapping turtle zombie (Crypt:1)
  8 phantoms
  10 eyes of draining
  4 necrophages
  21 wolves
  27 centaurs
  15 ogres
  5 boggarts (Depths:4)
  A tengu (shapeshifter) (Vaults:5)
  A rime drake zombie (Crypt:1)
  10 crocodiles
  A big kobold (shapeshifter) (Vaults:5)
  A salamander zombie (Crypt:1)
  A big kobold (D:7)
  An elf skeleton (Crypt:3)
  10 bullfrogs
  6 earth elementals
  A wyvern skeleton (D:15)
  10 scorpions
  3 troll zombies (D:9)
  7 killer bees
  11 wights
  An elf simulacrum (Vaults:4)
  4 jellies
  3 howler monkeys
  8 electric eels
  A lava snake (Lair:5)
  6 crimson imps
  4 quasits
  12 starcursed masses
  4 centaur zombies
  5 hounds
  5 human zombies
  8 iron imps
  23 orc wizards
  A gnoll shaman (D:6)
  15 orc priests
  A black bear zombie (Crypt:3)
  A bullfrog skeleton (D:4)
  3 centaur skeletons
  3 iguanas
  7 lightning spires
  10 worker ants
  A big kobold zombie (Crypt:2)
  5 ogre zombies (D:9)
  21 mummies
  A swamp drake zombie (Crypt:3)
  8 gnolls
  22 adders
  A river rat (shapeshifter) (Depths:2)
  5 scorpion zombies
  3 shadow imps
  2 white imps
  3 ufetubi (Abyss:1)
  2 oozes
  2 adder skeletons
  4 worms
  7 dart slugs
  5 leopard geckos
  95 orcs
  6 giant cockroaches
  2 gnoll zombies (Ossuary)
  7 goblins
  7 hobgoblins
  8 jackals
  14 kobolds
  5 quokkas
  4 ball pythons
  A ball python skeleton (Crypt:1)
  2 bats
  7 frilled lizards
  2 goblin skeletons
  2 goblin zombies (Ossuary)
  8 hobgoblin zombies
  4 kobold zombies (Ossuary)
  4 orc skeletons (D:9)
  18 orc zombies
  3 quokka skeletons
  7 rats
  4 crawling corpses (Elf:3)
  A fungus (Depths:5)
  2 lurking horrors
  A plant (Depths:5)
  2 starspawn tentacles
3137 creatures vanquished.

Vanquished Creatures (collateral kills)
  Polyphemus (Shoals:3)
1 creature vanquished.

Vanquished Creatures (others)
  An ancient lich (Vaults:5)
  A tentacled monstrosity (Zot:3)
  A dancing weapon (Elf:2)
  An unseen horror (Vaults:1)
  A deep elf mage (Elf:2)
  A smoke demon (Abyss:4)
  An ice devil (Hell)
  A raiju (Abyss:4)
  An air elemental (Zig:8)
  3 humans (D:13)
  An ogre (Depths:2)
  An orc wizard (Orc:1)
  2 orcs
  A giant cockroach (D:7)
  A bush (Lair:6)
  13 fungi
  2 lurking horrors
  48 plants
  21 starspawn tentacles
102 creatures vanquished.

Grand Total: 3240 creatures vanquished

Notes
Turn   | Place    | Note
-------+----------+-------------------------------------------
     0 | D:1      | gre3edy the Demonspawn Enchanter began the quest for the
                  | Orb.
     0 | D:1      | Reached XP level 1. HP: 13/13 MP: 3/3
    47 | D:1      | Reached skill level 1 in Short Blades
   445 | D:1      | Gained mutation: You have a pair of small horns on your
                  | head. [demonic ancestry]
   445 | D:1      | Reached XP level 2. HP: 17/19 MP: 5/5
  1268 | D:1      | Gained mutation: Your flesh is heat resistant. (rF+)
                  | [demonic ancestry]
  1268 | D:1      | Reached XP level 3. HP: 24/24 MP: 6/6
  1708 | D:2      | Found a deep blue altar of Sif Muna.
  1708 | D:2      | Found an opulent altar of Gozag.
  1745 | D:2      | Learned a level 2 spell: Ensorcelled Hibernation
  2172 | D:2      | Gained mutation: You are partially covered in yellow
                  | scales. (AC +2) [demonic ancestry]
  2172 | D:2      | Reached XP level 4. HP: 27/30 MP: 7/7
  2481 | D:3      | Found a shimmering altar of Xom.
  2673 | D:3      | Learned a level 3 spell: Dazzling Spray
  2998 | D:3      | Found a shadowy altar of Dithmenos.
  3025 | D:3      | Reached skill level 3 in Stealth
  3025 | D:3      | Gained mutation: You are immune to clouds of flame.
                  | [demonic ancestry]
  3025 | D:3      | Reached XP level 5. HP: 35/35 MP: 5/8
  3420 | D:3      | Found a shadowy altar of Dithmenos.
  3435 | D:3      | Became a worshipper of Dithmenos the Shadowed
  3551 | D:3      | Found a blossoming altar of Fedhas.
  3709 | D:4      | Noticed a phantom
  3769 | D:4      | Killed a phantom
  3769 | D:4      | Reached skill level 5 in Short Blades
  3769 | D:4      | Reached skill level 4 in Stealth
  3769 | D:4      | Reached XP level 6. HP: 11/41 MP: 2/9
  4546 | D:4      | Reached * piety under Dithmenos
  4741 | D:5      | Entered Level 5 of the Dungeon
  5032 | D:5      | Reached skill level 5 in Stealth
  5032 | D:5      | Gained mutation: You are partially covered in sharp spines.
                  | [demonic ancestry]
  5032 | D:5      | Reached XP level 7. HP: 31/46 MP: 10/10
  5344 | D:6      | Found a sparkling altar of Nemelex Xobeh.
  5361 | D:6      | Found a staircase to the Ecumenical Temple.
  5812 | D:6      | Found Utal's Magic Scroll Shoppe.
  5822 | D:6      | Bought a scroll of remove curse for 36 gold pieces
  5822 | D:6      | Bought a scroll of blinking for 90 gold pieces
  5822 | D:6      | Bought a scroll of enchant armour for 90 gold pieces
  5822 | D:6      | Bought a scroll of teleportation for 36 gold pieces
  6166 | D:6      | Reached skill level 6 in Stealth
  6185 | D:6      | Gained mutation: You are mostly covered in sharp spines.
                  | [demonic ancestry]
  6185 | D:6      | Reached XP level 8. HP: 41/52 MP: 6/11
  6572 | D:7      | Found a radiant altar of Vehumet.
  6572 | D:7      | Noticed Joseph
  6896 | D:6      | Killed Joseph
  6896 | D:6      | Reached skill level 7 in Stealth
  7259 | D:7      | Reached skill level 8 in Stealth
  7263 | D:7      | Gained mutation: You have a pair of horns on your head.
                  | [demonic ancestry]
  7263 | D:7      | Reached XP level 9. HP: 42/57 MP: 5/12
  7289 | D:7      | Reached ** piety under Dithmenos
  7899 | D:7      | Found a basalt altar of Yredelemnul.
  7999 | D:7      | Found a white marble altar of Elyvilon.
  8146 | D:8      | Found a sparkling altar of Nemelex Xobeh.
  8203 | D:8      | Found a sand-covered staircase.
  8220 | Ossuary  | Entered an ossuary
  8450 | Ossuary  | Reached skill level 5 in Hexes
  8579 | Ossuary  | Reached *** piety under Dithmenos
  8751 | Ossuary  | Reached skill level 9 in Stealth
  8915 | D:6      | Bought a scroll of identify for 24 gold pieces
  8915 | D:6      | Bought a scroll of identify for 24 gold pieces
  8915 | D:6      | Bought a scroll of identify for 24 gold pieces
  9290 | D:8      | Found a shattered altar of Ashenzari.
  9573 | D:9      | Found the +3 pair of gauntlets of War {Slay+5}
  9699 | D:9      | Found a staircase to the Lair.
  9737 | D:9      | Found a staircase to the Orcish Mines.
  9744 | D:9      | Reached **** piety under Dithmenos
  9754 | D:9      | Reached XP level 10. HP: 44/63 MP: 13/13
  9977 | Lair:1   | Entered Level 1 of the Lair of Beasts
 10033 | Lair:1   | Learned a level 3 spell: Mephitic Cloud
 10044 | Lair:1   | Noticed a spiny frog
 10047 | Lair:1   | Killed a spiny frog
 10063 | Lair:1   | Noticed a spiny frog
 10068 | Lair:1   | Killed a spiny frog
 10068 | Lair:1   | Reached skill level 1 in Fighting
 10373 | Lair:1   | Noticed a spiny frog
 10379 | Lair:1   | Killed a spiny frog
 10450 | Lair:1   | Noticed a black mamba
 10451 | Lair:1   | Killed a black mamba
 10453 | Lair:1   | Noticed a five-headed hydra
 10461 | Lair:1   | Killed a five-headed hydra
 10461 | Lair:1   | Gained mutation: You are mostly covered in yellow scales.
                  | (AC +3) [demonic ancestry]
 10461 | Lair:1   | Reached XP level 11. HP: 74/75 MP: 14/14
 10967 | Lair:2   | Noticed Prince Ribbit
 10984 | Lair:2   | Killed Prince Ribbit
 10987 | Lair:2   | Reached skill level 10 in Stealth
 11063 | Lair:2   | Reached skill level 10 in Short Blades
 11141 | Lair:2   | Noticed Sonja
 11397 | Lair:2   | Killed Sonja
 11397 | Lair:2   | Reached skill level 5 in Dodging
 11907 | Lair:3   | Noticed a catoblepas
 11948 | Lair:3   | Killed a catoblepas
 12134 | Lair:3   | Gained mutation: You are agile. (Dex +2) [potion of
                  | mutation]
 12134 | Lair:3   | Gained mutation: Your spells are a little easier to cast,
                  | but a little less powerful. [potion of mutation]
 12134 | Lair:3   | Gained mutation: You expend magic power (3 MP) to
                  | strengthen your wands. [potion of mutation]
 12134 | Lair:3   | Gained mutation: You are robust. (+10% HP) [potion of
                  | mutation]
 12256 | Lair:3   | Found a staircase to the Snake Pit.
 12285 | Lair:3   | Reached ***** piety under Dithmenos
 12529 | Lair:3   | Reached skill level 10 in Hexes
 12541 | Lair:3   | Found a staircase to the Shoals.
 12759 | Lair:3   | Found a sacrificial altar of Ru.
 13447 | Lair:3   | Gained mutation: You are completely covered in yellow
                  | scales. (AC +4, rCorr) [demonic ancestry]
 13447 | Lair:3   | Reached XP level 12. HP: 76/91 MP: 12/15
 13643 | Lair:4   | Found a runed gate.
 13644 | Lair:4   | Found a runed gate.
 13645 | Lair:4   | Found a runed gate.
 13649 | Lair:4   | Noticed matti1234's ghost (journeyman OpWr)
 13691 | Lair:4   | Killed matti1234's ghost
 13691 | Lair:4   | Reached skill level 1 in Conjurations
 13691 | Lair:4   | Reached skill level 1 in Poison Magic
 13768 | Lair:4   | Found an ornate altar of the Wu Jian Council.
 13821 | Lair:4   | Reached skill level 1 in Air Magic
 14322 | Lair:4   | You fall through a shaft for 2 floors!
 14322 | Lair:6   | Entered Level 6 of the Lair of Beasts
 14329 | Lair:5   | Noticed a death yak
 14329 | Lair:5   | Noticed a death yak
 14329 | Lair:5   | Noticed a death yak
 14329 | Lair:5   | Noticed a death yak
 14332 | Lair:5   | Noticed a death yak
 14399 | Lair:5   | Killed a death yak
 14399 | Lair:5   | Reached skill level 11 in Stealth
 14426 | Lair:5   | Killed a death yak
 14435 | Lair:5   | Killed a death yak
 14466 | Lair:5   | Killed a death yak
 14484 | Lair:5   | Killed a death yak
 14800 | Lair:5   | Noticed Josephine
 15032 | Lair:5   | Reached skill level 1 in Armour
 15601 | Lair:5   | Killed Josephine
 15601 | Lair:5   | Gained mutation: Your magical and physical power is
                  | slightly enhanced at high health. [demonic ancestry]
 15601 | Lair:5   | Reached XP level 13. HP: 90/99 MP: 17/17
 16148 | Lair:6   | Reached skill level 5 in Fighting
 16179 | Lair:6   | Found a staircase to the Slime Pits.
 16291 | Lair:6   | Reached skill level 1 in Invocations
 17275 | Lair:6   | Reached ****** piety under Dithmenos
 17710 | Lair:6   | Got a translucent cloak
 17825 | Lair:6   | Reached XP level 14. HP: 92/110 MP: 20/20
 18069 | Lair:6   | Found a runed door.
 18091 | Lair:6   | Identified the +2 cloak of Mirth {MP+9 Dex+4} (You found it
                  | on level 6 of the Lair of Beasts)
 18230 | Lair:6   | Lost mutation: You are agile. (Dex +2) [potion of mutation]
 18230 | Lair:6   | Lost mutation: You expend magic power (3 MP) to strengthen
                  | your wands. [potion of mutation]
 18230 | Lair:6   | Gained mutation: You have a beak for a mouth. [potion of
                  | mutation]
 18230 | Lair:6   | Gained mutation: Your magical capacity is low. (-10% MP)
                  | [potion of mutation]
 18230 | Lair:6   | Gained mutation: You possess an exceptional clarity of
                  | mind. [potion of mutation]
 18266 | Lair:6   | Reached skill level 12 in Stealth
 19104 | D:9      | Found Epinwaib's Distillery.
 19150 | D:9      | Bought a potion of heal wounds for 50 gold pieces
 19150 | D:9      | Bought a potion of heal wounds for 50 gold pieces
 19682 | Orc:1    | Entered Level 1 of the Orcish Mines
 19713 | Orc:1    | Reached skill level 5 in Spellcasting
 20360 | Orc:1    | Found Nux Quf's Assorted Antiques.
 20367 | Orc:1    | Bought a scroll labeled JIUXIC PU VOM for 34 gold pieces
 20367 | Orc:1    | Bought a bubbling golden potion for 30 gold pieces
 20430 | Orc:1    | Paralysed by an orc sorcerer for 4 turns
 21002 | Orc:1    | Reached skill level 5 in Invocations
 21136 | Orc:2    | Entered Level 2 of the Orcish Mines
 21242 | Orc:2    | Found a staircase to the Elven Halls.
 21319 | Orc:2    | Noticed an orc warlord
 21350 | Orc:1    | Killed an orc warlord
 21767 | Orc:2    | Found a bloodstained altar of Trog.
 22206 | Orc:1    | Reached skill level 5 in Armour
 22266 | Orc:2    | Found Amairet's Antique Weapon Shoppe.
 22266 | Orc:2    | Found Maocw's Weapon Boutique.
 22269 | Orc:2    | Found Fusuucin's Antique Armour Emporium.
 22271 | Orc:2    | Found Fuarotatz's Gadget Shop.
 22528 | Orc:2    | Bought a +5 quick blade for 504 gold pieces
 22646 | D:10     | Entered Level 10 of the Dungeon
 23292 | D:10     | Noticed Psyche
 23295 | D:10     | Killed Psyche
 23340 | D:10     | Identified the Tome of the Aerial Entourage
 23843 | D:11     | Found a portal to a secret trove of treasure.
 23918 | D:11     | Found a stormy altar of Qazlal.
 24267 | D:12     | Noticed Maurice
 24281 | D:12     | Killed Maurice
 24938 | D:12     | Found Vuilelyst's Armour Boutique.
 24943 | D:12     | Bought a +2 pair of boots of running for 747 gold pieces
 25008 | D:13     | Noticed Kirke
 25013 | D:13     | Noticed a sphinx
 25043 | D:13     | Killed Kirke
 25256 | D:13     | Reached XP level 15. HP: 117/117 MP: 20/20
 25479 | D:13     | Noticed an iron dragon
 26139 | D:13     | Killed an iron dragon
 26250 | D:13     | Reached skill level 1 in Shields
 26845 | D:14     | Found a gate to the Vaults.
 27360 | D:15     | Entered Level 15 of the Dungeon
 27824 | D:15     | Reached skill level 13 in Stealth
 28078 | D:15     | Found a staircase to the Depths.
 28285 | D:12     | Bought a +3 chain mail of poison resistance for 423 gold
                  | pieces
 28549 | Snake:1  | Entered Level 1 of the Snake Pit
 28989 | Snake:1  | Noticed Frances
 29063 | Snake:1  | Killed Frances
 30005 | Lair:5   | Learned a level 6 spell: Invisibility
 30146 | Snake:1  | Learned a level 4 spell: Cause Fear
 30634 | Snake:1  | Gained mutation: You have a pair of large horns on your
                  | head. [demonic ancestry]
 30634 | Snake:1  | Reached XP level 16. HP: 123/125 MP: 21/21
 30679 | Shoals:1 | Entered Level 1 of the Shoals
 30846 | Shoals:1 | Reached skill level 10 in Dodging
 31944 | Shoals:2 | Noticed Ilsuiw
 31949 | Shoals:2 | Killed Ilsuiw
 31949 | Shoals:2 | Reached skill level 10 in Invocations
 32430 | Shoals:3 | Found Egahel's Jewellery Shoppe.
 32431 | Shoals:3 | Noticed Polyphemus
 33494 | Shoals:3 | Killed Polyphemus
 33962 | Shoals:4 | Entered Level 4 of the Shoals
 33972 | Shoals:4 | Got a smoking ring mail
 33986 | Shoals:4 | Identified the +4 ring mail "Wibri" {+Fly} (You found it on
                  | level 4 of the Shoals)
 34016 | Shoals:3 | Identified a scroll of acquirement
 34028 | Shoals:3 | Got a bound lead ring
 34030 | Shoals:3 | Identified the ring of Deirog {rElec Dex-4 Slay-3 SInv
                  | Stlth+} (You acquired it on level 3 of the Shoals)
 35813 | Shoals:4 | Reached skill level 14 in Stealth
 35860 | Shoals:4 | Gained mutation: Your demonic aura causes spilled blood to
                  | erupt in flames. [demonic ancestry]
 35860 | Shoals:4 | Reached XP level 17. HP: 131/132 MP: 22/22
 35956 | Shoals:4 | Got a barnacled rune of Zot
 36134 | Shoals:4 | Identified Sif Muna's Reference Book on Spatial Evil Rites
 37903 | Snake:2  | Found a transporter.
 37904 | Snake:2  | Found a deep blue altar of Sif Muna.
 37916 | Snake:2  | Found a transporter.
 37958 | Snake:2  | Got a scorched copper amulet
 37960 | Snake:2  | Identified the amulet "Luxker" {Harm *Drain rF+ rN+ Int+2}
                  | (You found it on level 2 of the Snake Pit)
 39087 | Snake:2  | Got a crude silver ring
 39095 | Snake:2  | Identified the ring of Untiec {+Fly rPois rC+ Int-4 SInv}
                  | (You found it on level 2 of the Snake Pit)
 39732 | Snake:3  | Found Watoe's Weapon Emporium.
 39737 | Snake:3  | Noticed Nikola
 39749 | Snake:3  | Killed Nikola
 40232 | Snake:3  | Found a snail-covered altar of Cheibriados.
 40522 | Snake:3  | Noticed Vashnia
 40525 | Snake:3  | Killed Vashnia
 40538 | Snake:3  | Reached XP level 18. HP: 110/139 MP: 24/24
 40960 | Snake:4  | Entered Level 4 of the Snake Pit
 42521 | Snake:4  | Identified the Guide on Shape Shifting and the Arsonist
 43205 | Snake:4  | Reached skill level 15 in Stealth
 43762 | Snake:4  | Got a serpentine rune of Zot
 44569 | Vaults:1 | Entered Level 1 of the Vaults
 44950 | Vaults:1 | Reached skill level 15 in Hexes
 44984 | Vaults:1 | Reached XP level 19. HP: 130/149 MP: 26/26
 45053 | Vaults:1 | Reached skill level 10 in Armour
 45925 | Vaults:2 | Found a runed gate.
 45926 | Vaults:2 | Found a runed gate.
 45927 | Vaults:2 | Found a runed gate.
 45930 | Vaults:2 | Noticed Jiecvoet's ghost (veteran GrFi)
 45953 | Vaults:2 | Found Goeph's Gadget Shoppe.
 46178 | Vaults:2 | Found a staircase to the Crypt.
 48182 | Vaults:3 | Reached XP level 20. HP: 105/159 MP: 28/28
 48919 | Vaults:3 | Got a faintly glowing scale mail
 48930 | Vaults:3 | Identified the +0 scale mail "Taud Gae" {rPois Int+4} (You
                  | found it on level 3 of the Vaults)
 49140 | Vaults:3 | Reached skill level 15 in Short Blades
 50223 | Vaults:2 | Killed Jiecvoet's ghost
 50551 | Vaults:4 | Reached skill level 10 in Fighting
 50643 | Vaults:4 | Reached skill level 16 in Stealth
 50643 | Vaults:4 | Reached skill level 15 in Invocations
 51834 | Vaults:5 | Entered Level 5 of the Vaults
 52072 | Vaults:4 | Learned a level 4 spell: Leda's Liquefaction
 52565 | Vaults:5 | Reached XP level 21. HP: 140/169 MP: 30/30
 52760 | Vaults:5 | Noticed an ancient lich
 53097 | Vaults:5 | Killed an ancient lich
 53471 | Vaults:5 | Noticed Jory
 53501 | Vaults:5 | Killed Jory
 54473 | Vaults:5 | Noticed an ancient lich
 54476 | Vaults:5 | Killed an ancient lich
 55649 | Vaults:5 | Reached skill level 10 in Spellcasting
 55701 | Vaults:5 | Reached XP level 22. HP: 174/179 MP: 32/32
 56067 | Vaults:5 | Found the amulet of the Air {Inacc +Fly rElec EV+5 RMsl}
 56376 | Vaults:5 | Got a faintly glowing amber ring
 56612 | Vaults:5 | Got a silver rune of Zot
 56657 | Vaults:5 | Identified the ring "Muiwo" {Wiz Str+5 SInv} (You took it
                  | off an ironheart preserver on level 5 of the Vaults)
 57019 | Vaults:5 | Got a scorched buckler
 57030 | Vaults:5 | Identified the -1 buckler of Repulsion {*Corrode rPois
                  | Dex+6} (You found it on level 5 of the Vaults)
 57303 | Depths:1 | Entered Level 1 of the Depths
 57431 | Depths:1 | Found a gateway to Hell.
 57439 | Depths:1 | Found a gateway to a ziggurat.
 58195 | Depths:1 | Reached skill level 17 in Stealth
 58705 | Depths:2 | Paralysed by a great orb of eyes for 2 turns
 58734 | Depths:2 | Noticed a golden dragon
 59246 | Depths:2 | Killed a golden dragon
 59559 | Depths:2 | Found a one-way gate leading to the halls of Pandemonium.
 59686 | Depths:3 | Reached XP level 23. HP: 188/188 MP: 33/33
 60029 | Depths:3 | Found a one-way gate to the infinite horrors of the Abyss.
 60749 | Depths:4 | Noticed a juggernaut
 60797 | Depths:4 | Killed a juggernaut
 61822 | Elf:1    | Entered Level 1 of the Elven Halls
 61955 | Elf:1    | Found Nera's Antique Armour Emporium.
 61964 | Elf:1    | Bought a faintly glowing scale mail for 198 gold pieces
 61974 | Elf:1    | Identified the cursed +1 scale mail "Caoth" {rElec Str+4
                  | Dex-4} (You bought it in a shop on level 1 of the Elven
                  | Halls)
 61993 | Elf:1    | Found a ruined gateway.
 62007 | Desolati | Entered the Desolation of Salt
 62035 | Desolati | Reached skill level 15 in Dodging
 62521 | Desolati | Got a bound steel ring
 62525 | Desolati | Got a pair of bloodstained boots
 62527 | Desolati | Identified the ring of Pride {rF+ rN++} (You found it in
                  | the Desolation of Salt)
 62528 | Desolati | Identified the +3 pair of boots of Wasted Space {rF- Int+3
                  | Slay+3} (You found it in the Desolation of Salt)
 62626 | Desolati | Reached skill level 18 in Stealth
 62641 | Desolati | Found the +8 trident of the Octopus King {venom, rElec
                  | rPois MR+}
 62645 | Desolati | Identified the Papyrus of Poison and the Arsonist
 62662 | Desolati | Got an encrusted scale mail
 62743 | Desolati | Got a glittering brass amulet
 62762 | Desolati | Got a glittering lapis lazuli ring
 62763 | Desolati | Identified the +8 scale mail of the Tuna {Int+4} (You found
                  | it in the Desolation of Salt)
 62764 | Desolati | Identified the amulet "Nithyng" {+Rage rF+} (You found it
                  | in the Desolation of Salt)
 62765 | Desolati | Identified the ring of Wipup {Dex+3 Stlth-} (You found it
                  | in the Desolation of Salt)
 62769 | Desolati | Identified the Reference Book on Supportive Feathers
 62774 | Desolati | Identified the Reference Book on Freezing Attacks
 64053 | Elf:2    | Found Naovuhun's Jewellery Shop.
 64196 | Elf:2    | Found a runed gate.
 64196 | Elf:2    | Found a runed gate.
 64196 | Elf:2    | Found a runed gate.
 64391 | Elf:2    | Gained mutation: Your magical capacity is very low. (-20%
                  | MP) [mutagenic glow]
 64863 | Elf:2    | Gained mutation: Your spells are easier to cast, but less
                  | powerful. [mutagenic glow]
 64922 | Elf:2    | Gained mutation: You occasionally shout uncontrollably at
                  | your foes. [mutagenic glow]
 65171 | Elf:3    | Entered Level 3 of the Elven Halls
 65205 | Elf:3    | Gained mutation: Your magical and physical power is
                  | enhanced at high health. [demonic ancestry]
 65205 | Elf:3    | Reached XP level 24. HP: 194/194 MP: 29/29
 65976 | Elf:3    | Got a wavering marble ring
 66014 | Elf:3    | Found the +2 Maxwell's thermic engine {flame, freeze}
 66018 | Elf:3    | Found the +3 warlock's mirror {reflect}
 66024 | Elf:3    | Identified Theurgy in Simple Steps
 66044 | Elf:3    | Identified the Reference Book on Supportive Hexes
 66066 | Elf:3    | Got a warped brass ring
 66098 | Elf:3    | Got a steaming brass ring
 66119 | Elf:3    | Got a smoking silver ring
 66599 | Elf:3    | Found the +7 Kryia's mail coat {PotionHeal*2 rC+}
 66604 | Elf:3    | Identified Gupsobept's Disquisition on Harmful Cold
 66684 | Elf:3    | Identified the Handbook of Captivating Darkness
 66720 | Elf:3    | Identified the ring "Efown" {rElec rF+ Int+2} (You found it
                  | on level 3 of the Elven Halls)
 66721 | Elf:3    | Identified the ring "Facw" {rC+ Str+3 Slay+6} (You took it
                  | off a deep elf annihilator on level 3 of the Elven Halls)
 66722 | Elf:3    | Identified the ring "Hyiwepna" {MR+ AC+3 Str+4 Dex-4} (You
                  | took it off a deep elf mage on level 3 of the Elven Halls)
 66723 | Elf:3    | Identified the ring "Eghetaut" {MP+9 Dex+2 Stlth+} (You
                  | took it off a deep elf demonologist on level 3 of the Elven
                  | Halls)
 67411 | Slime:1  | Entered Level 1 of the Pits of Slime
 67424 | Lair:6   | Lost mutation: You have a beak for a mouth. [potion of
                  | mutation]
 67424 | Lair:6   | Lost mutation: You are robust. (+10% HP) [potion of
                  | mutation]
 67424 | Lair:6   | Lost mutation: Your spells are easier to cast, but less
                  | powerful. [potion of mutation]
 67424 | Lair:6   | Lost mutation: Your spells are a little easier to cast, but
                  | a little less powerful. [potion of mutation]
 67424 | Lair:6   | Gained mutation: You expend magic power (3 MP) to
                  | strengthen your wands. [potion of mutation]
 67424 | Lair:6   | Gained mutation: You evolve. [potion of mutation]
 67424 | Lair:6   | Gained mutation: You are resistant to hostile enchantments.
                  | (MR+) [potion of mutation]
 67774 | Crypt:1  | Entered Level 1 of the Crypt
 67891 | Crypt:1  | Got a warped robe
 67902 | Crypt:1  | Identified the +1 robe of Incorporation {rN+ Dex+3} (You
                  | found it on level 1 of the Crypt)
 68700 | Crypt:2  | Reached skill level 19 in Stealth
 68709 | Crypt:2  | Learned a level 6 spell: Darkness
 68823 | Crypt:2  | Gained mutation: You are weak. (Str -2) [mutagenic glow]
 68890 | Crypt:1  | Gained mutation: Your system is resistant to poisons.
                  | (rPois) [evolution]
 69022 | Crypt:1  | Gained mutation: You do not regenerate when monsters are
                  | visible. [mutagenic glow]
 69850 | Crypt:3  | Entered Level 3 of the Crypt
 70210 | Crypt:2  | Lost mutation: You occasionally shout uncontrollably at
                  | your foes. [potion of mutation]
 70210 | Crypt:2  | Lost mutation: You are weak. (Str -2) [potion of mutation]
 70210 | Crypt:2  | Lost mutation: You are resistant to hostile enchantments.
                  | (MR+) [potion of mutation]
 70210 | Crypt:2  | Gained mutation: You have supernaturally acute eyesight.
                  | (SInv) [potion of mutation]
 70210 | Crypt:2  | Gained mutation: You have large cloven feet. [potion of
                  | mutation]
 70366 | Crypt:3  | Reached skill level 5 in Shields
 70569 | Crypt:3  | Identified Odoutsoxtu's Catalogue of Stolen Souls
 70586 | Crypt:3  | Got a crystal rapier
 70587 | Crypt:3  | Identified the +1 rapier "Undertaker" {pierce, *Contam
                  | rPois Dex+2} (You acquired it on level 3 of the Crypt)
 70600 | Crypt:3  | Gained mutation: Your spells are a little easier to cast,
                  | but a little less powerful. [mutagenic glow]
 70710 | Crypt:3  | Found the +12 Vampire's Tooth {vamp}
 71244 | Crypt:3  | Gained mutation: Your magical and physical power is greatly
                  | enhanced at high health. [demonic ancestry]
 71244 | Crypt:3  | Reached XP level 25. HP: 156/182 MP: 29/29
 71431 | Crypt:3  | Found a staircase to the Tomb.
 71540 | Crypt:3  | Noticed an ancient lich
 71540 | Crypt:3  | Noticed an ancient lich
 71760 | Crypt:3  | Got a jewelled chain mail
 71771 | Crypt:3  | Identified the cursed +1 chain mail of Lilacs {rN+ MP+9
                  | Dex+4 SInv} (You found it on level 3 of the Crypt)
 72051 | Crypt:3  | Killed an ancient lich
 72072 | Crypt:3  | Killed an ancient lich
 72500 | Crypt:1  | Lost mutation: You possess an exceptional clarity of mind.
                  | [potion of mutation]
 72500 | Crypt:1  | Lost mutation: Your magical capacity is very low. (-20% MP)
                  | [potion of mutation]
 72500 | Crypt:1  | Lost mutation: You do not regenerate when monsters are
                  | visible. [potion of mutation]
 72500 | Crypt:1  | Lost mutation: Your system is resistant to poisons. (rPois)
                  | [potion of mutation]
 72500 | Crypt:1  | Gained mutation: You have hoof-like feet. [potion of
                  | mutation]
 72500 | Crypt:1  | Lost mutation: Your magical capacity is low. (-10% MP)
                  | [potion of mutation]
 72500 | Crypt:1  | Gained mutation: You have very sharp teeth. [potion of
                  | mutation]
 72500 | Crypt:1  | Gained mutation: You are robust. (+10% HP) [potion of
                  | mutation]
 72945 | Depths:4 | Found a runed gate.
 72945 | Depths:4 | Found a runed gate.
 72945 | Depths:4 | Found a runed gate.
 72945 | Depths:4 | Noticed 4FPSwarrior's ghost (veteran DsAK)
 73033 | Depths:4 | Killed 4FPSwarrior's ghost
 73049 | Depths:4 | Identified the Handbook of Enthralling Poison
 73716 | Depths:4 | Noticed an ancient lich
 73728 | Depths:4 | Killed an ancient lich
 74041 | Depths:5 | Entered Level 5 of the Depths
 74086 | Depths:5 | Reached skill level 20 in Stealth
 74254 | Depths:5 | Noticed Boris
 74263 | Depths:5 | Killed Boris
 74270 | Depths:5 | Found a gate to the Realm of Zot.
 74333 | Depths:5 | Found a shadowy altar of Dithmenos.
 74334 | Depths:5 | Found a shattered altar of Ashenzari.
 74334 | Depths:5 | Found a sparkling altar of Nemelex Xobeh.
 74392 | Depths:5 | Gained mutation: You are completely covered in sharp
                  | spines. [demonic ancestry]
 74392 | Depths:5 | Reached XP level 26. HP: 208/208 MP: 37/37
 74816 | Depths:5 | Got a twitching jade ring
 74851 | Depths:5 | Identified the Reference Book on Ashen Translocation
 74860 | Depths:5 | Identified Sif Muna's Handbook of Summoning
 75424 | Slime:1  | Gained mutation: Armour fits poorly on your strangely
                  | shaped body. [a shining eye]
 75441 | Slime:1  | Lost mutation: Your spells are a little easier to cast, but
                  | a little less powerful. [potion of mutation]
 75441 | Slime:1  | Lost mutation: You expend magic power (3 MP) to strengthen
                  | your wands. [potion of mutation]
 75441 | Slime:1  | Lost mutation: You are robust. (+10% HP) [potion of
                  | mutation]
 75441 | Slime:1  | Lost mutation: You have supernaturally acute eyesight.
                  | (SInv) [potion of mutation]
 75441 | Slime:1  | Gained mutation: Your mind is acute. (Int +2) [potion of
                  | mutation]
 75442 | Slime:1  | Lost mutation: Armour fits poorly on your strangely shaped
                  | body. [potion of mutation]
 75442 | Slime:1  | Lost mutation: You evolve. [potion of mutation]
 75442 | Slime:1  | Lost mutation: You have hoof-like feet. [potion of
                  | mutation]
 75442 | Slime:1  | Gained mutation: Your spells are a little harder to cast,
                  | but a little more powerful. [potion of mutation]
 75442 | Slime:1  | Gained mutation: You have hoof-like feet. [potion of
                  | mutation]
 75442 | Slime:1  | Gained mutation: You passively map a small area around you.
                  | [potion of mutation]
 75442 | Slime:1  | Gained mutation: You are resistant to hostile enchantments.
                  | (MR+) [potion of mutation]
 75446 | Slime:1  | Lost mutation: You have hoof-like feet. [potion of
                  | mutation]
 75446 | Slime:1  | Lost mutation: Your spells are a little harder to cast, but
                  | a little more powerful. [potion of mutation]
 75446 | Slime:1  | Lost mutation: Your mind is acute. (Int +2) [potion of
                  | mutation]
 75446 | Slime:1  | Lost mutation: You have very sharp teeth. [potion of
                  | mutation]
 75446 | Slime:1  | Gained mutation: Your flesh is cold resistant. (rC+)
                  | [potion of mutation]
 75446 | Slime:1  | Gained mutation: You have an increased reservoir of magic.
                  | (+10% MP) [potion of mutation]
 75447 | Slime:1  | Lost mutation: Your flesh is cold resistant. (rC+) [potion
                  | of mutation]
 75447 | Slime:1  | Lost mutation: You have large cloven feet. [potion of
                  | mutation]
 75447 | Slime:1  | Lost mutation: You are resistant to hostile enchantments.
                  | (MR+) [potion of mutation]
 75447 | Slime:1  | Gained mutation: Your system is resistant to poisons.
                  | (rPois) [potion of mutation]
 75447 | Slime:1  | Gained mutation: You are covered in fur. (AC +1) [potion of
                  | mutation]
 75447 | Slime:1  | Gained mutation: You are robust. (+10% HP) [potion of
                  | mutation]
 76285 | Slime:3  | Found a viscous altar of Jiyva.
 76667 | Slime:4  | Reached skill level 10 in Shields
 76768 | Slime:4  | Cast into level 4 of the Abyss (the power of Zot)
 76830 | Abyss:4  | Lost mutation: You have an increased reservoir of magic.
                  | (+10% MP) [mutagenic glow]
 76872 | Abyss:4  | Gained mutation: Your flesh is very heat resistant. (rF++)
                  | [mutagenic glow]
 76961 | Abyss:4  | Found a shattered altar of Ashenzari.
 76965 | Abyss:4  | Found a corrupted altar of Lugonu.
 77089 | Abyss:4  | Learned a level 3 spell: Confuse
 77297 | Slime:4  | Escaped the Abyss
 77305 | Slime:4  | Gained mutation: Your magical capacity is low. (-10% MP) [a
                  | shining eye]
 77335 | Slime:4  | Reached XP level 27. HP: 214/214 MP: 25/33
 77757 | Slime:5  | Entered Level 5 of the Pits of Slime
 77985 | Slime:5  | Reached skill level 21 in Stealth
 77990 | Slime:5  | Gained mutation: Your body sometimes deteriorates upon
                  | taking damage. [a shining eye]
 78138 | Slime:5  | Noticed the Royal Jelly
 78208 | Slime:5  | Killed the Royal Jelly
 78268 | Slime:5  | Got a brightly glowing golden ring
 78276 | Slime:5  | Got a bound wooden ring
 78306 | Slime:5  | Got a heavily runed silver ring
 78343 | Slime:5  | Got a slimy rune of Zot
 78355 | Slime:5  | Identified the ring "Gag Pot" {rN+ MP+9 Str+5 Slay+3
                  | Stlth-} (You took it off a tengu reaver on level 5 of the
                  | Depths)
 78356 | Slime:5  | Identified the ring of Biseni Jaxa {rN+ Int+2 SInv} (You
                  | found it on level 5 of the Pits of Slime)
 78357 | Slime:5  | Identified the ring "Qaograq" {rPois Int+3} (You found it
                  | on level 5 of the Pits of Slime)
 78358 | Slime:5  | Identified the ring of Curiosity {rN+ MR+} (You found it on
                  | level 5 of the Pits of Slime)
 78380 | Slime:5  | Got an encrusted chain mail
 78381 | Slime:5  | Identified the +8 chain mail of Wonder {Int+4} (You found
                  | it on level 5 of the Pits of Slime)
 78968 | Depths:3 | Voluntarily entered the Abyss.
 79025 | Abyss:1  | Found a corrupted altar of Lugonu.
 79046 | Abyss:1  | Found a corrupted altar of Lugonu.
 79327 | Abyss:1  | Found a deep blue altar of Sif Muna.
 79408 | Abyss:1  | Noticed an ancient lich
 79421 | Abyss:1  | Killed an ancient lich
 79472 | Abyss:1  | Paralysed by accursed screaming for 1 turns
 80030 | Abyss:3  | Gained mutation: You are weak. (Str -2) [a neqoxec]
 80469 | Abyss:4  | Got an abyssal rune of Zot
 80631 | Abyss:4  | Gained mutation: You are dopey. (Int -2) [a cacodemon]
 80803 | Abyss:4  | Found a corrupted altar of Lugonu.
 80843 | Abyss:4  | Noticed an ancient lich
 80859 | Abyss:4  | Killed an ancient lich
 80871 | Depths:3 | Escaped the Abyss
 80908 | Depths:3 | Lost mutation: Your body sometimes deteriorates upon taking
                  | damage. [potion of mutation]
 80908 | Depths:3 | Lost mutation: You are robust. (+10% HP) [potion of
                  | mutation]
 80908 | Depths:3 | Lost mutation: Your magical capacity is low. (-10% MP)
                  | [potion of mutation]
 80908 | Depths:3 | Lost mutation: You are dopey. (Int -2) [potion of mutation]
 80908 | Depths:3 | Gained mutation: You are agile. (Dex +2) [potion of
                  | mutation]
 80963 | Hell     | Entered the Vestibule of Hell
 80963 | Hell     | Noticed Geryon
 81253 | Hell     | Killed Geryon
 81273 | Hell     | Gained mutation: You are frail. (-10% HP) [a cacodemon]
 81892 | D:11     | You paid a toll of the horn of Geryon to enter a treasure
                  | trove
 81893 | Trove    | Entered a treasure trove
 81893 | Trove    | Found the ring of Shadows {Umbra +Inv Stlth+}
 81898 | Trove    | Got an ancient bronze amulet
 81911 | Trove    | Got an ancient amethyst amulet
 81914 | Trove    | Got a transparent marble ring
 81917 | Trove    | Identified the amulet "Tutzuuv" {Gourm rPois rN+ Dex+4}
                  | (You found it in a treasure trove)
 81919 | Trove    | Identified the amulet "Leib" {Spirit MR++ Int+2 Stlth+}
                  | (You found it in a treasure trove)
 81920 | Trove    | Identified the ring "Ytsa Vig" {-Tele rPois rF+ rN+ Str+2}
                  | (You found it in a treasure trove)
 81933 | Trove    | Got a smoking granite ring
 81940 | Trove    | Identified the ring of the Postmodern Wishes {*Corrode
                  | rC+++ EV+4 Int+4} (You found it in a treasure trove)
 82594 | Zig:1    | Entered Level 1 of a ziggurat
 82608 | Zig:2    | Entered Level 2 of a ziggurat
 82649 | Zig:3    | Entered Level 3 of a ziggurat
 82667 | Zig:4    | Entered Level 4 of a ziggurat
 82694 | Zig:5    | Entered Level 5 of a ziggurat
 82731 | Zig:5    | Got a flickering zirconium amulet
 82746 | Zig:5    | Identified the amulet of Ennichei {Inacc Fragile rPois
                  | Dex+7} (You found it on level 5 of a ziggurat)
 82834 | Zig:6    | Entered Level 6 of a ziggurat
 82877 | Zig:6    | Got a fine tin ring
 82878 | Zig:6    | Identified the ring of Noymubae {rC+ Stlth-} (You found it
                  | on level 6 of a ziggurat)
 82881 | Zig:6    | Got a smoking short sword
 82882 | Zig:6    | Identified the +2 short sword "Puidofev" {speed, +Fly rElec
                  | Str-2 Dex+7} (You found it on level 6 of a ziggurat)
 83025 | Zig:7    | Entered Level 7 of a ziggurat
 83084 | Zig:8    | Entered Level 8 of a ziggurat
 83170 | Zig:9    | Entered Level 9 of a ziggurat
 83258 | Zig:9    | Gained mutation: Scrolls take you a little longer to read.
                  | [mutagenic glow]
 83306 | Zig:9    | Gained mutation: You tend to lose your temper in combat.
                  | [mutagenic glow]
 83547 | Zig:9    | Got a heavily runed golden ring
 83557 | Zig:9    | Got a translucent golden ring
 83567 | Zig:9    | Identified the ring "Peloteiv" {rElec rC+ Stlth+} (You
                  | found it on level 9 of a ziggurat)
 83569 | Zig:9    | Identified the ring "Qiraoch" {Dex+5 SInv} (You found it on
                  | level 9 of a ziggurat)
 83758 | Zig:10   | Entered Level 10 of a ziggurat
 83882 | Zig:10   | Got a steaming bone ring
 83887 | Zig:10   | Identified the Papyrus of Gliding Augmentations
 83891 | Zig:10   | Identified the ring "Zemm" {rF+ MR+ Int+3 Dex+4 Stlth+}
                  | (You found it on level 10 of a ziggurat)
 84327 | Depths:1 | Lost mutation: You are frail. (-10% HP) [potion of
                  | mutation]
 84327 | Depths:1 | Lost mutation: Scrolls take you a little longer to read.
                  | [potion of mutation]
 84327 | Depths:1 | Lost mutation: You are agile. (Dex +2) [potion of mutation]
 84327 | Depths:1 | Lost mutation: Your system is resistant to poisons. (rPois)
                  | [potion of mutation]
 84327 | Depths:1 | Gained mutation: Armour fits poorly on your strangely
                  | shaped body. [potion of mutation]
 84327 | Depths:1 | Gained mutation: Your mind is acute. (Int +2) [potion of
                  | mutation]
 84327 | Depths:1 | Gained mutation: Your flesh is almost immune to the effects
                  | of heat. (rF+++) [potion of mutation]
 84328 | Depths:1 | Lost mutation: Your mind is acute. (Int +2) [potion of
                  | mutation]
 84328 | Depths:1 | Gained mutation: You do not regenerate when monsters are
                  | visible. [potion of mutation]
 84328 | Depths:1 | Gained mutation: You expend magic power (3 MP) to
                  | strengthen your wands. [potion of mutation]
 84329 | Depths:1 | Lost mutation: You tend to lose your temper in combat.
                  | [potion of mutation]
 84329 | Depths:1 | Lost mutation: Your flesh is almost immune to the effects
                  | of heat. (rF+++) [potion of mutation]
 84329 | Depths:1 | Gained mutation: Your flesh is cold resistant. (rC+)
                  | [potion of mutation]
 84330 | Depths:1 | Lost mutation: Armour fits poorly on your strangely shaped
                  | body. [potion of mutation]
 84330 | Depths:1 | Lost mutation: You expend magic power (3 MP) to strengthen
                  | your wands. [potion of mutation]
 84330 | Depths:1 | Lost mutation: Your flesh is cold resistant. (rC+) [potion
                  | of mutation]
 84330 | Depths:1 | Gained mutation: Your system is resistant to poisons.
                  | (rPois) [potion of mutation]
 84330 | Depths:1 | Gained mutation: Your spells are a little harder to cast,
                  | but a little more powerful. [potion of mutation]
 84566 | Hell     | Found a gateway to the decaying netherworld of Tartarus.
 84657 | Depths:1 | Reached skill level 22 in Stealth
 84977 | Hell     | Found a gateway to the freezing wastes of Cocytus.
 85145 | Hell     | Found a gateway to the Iron City of Dis.
 85244 | Hell     | Found a gateway to the ashen valley of Gehenna.
 85323 | Geh:1    | Entered Level 1 of Gehenna
 86337 | Zot:1    | Entered Level 1 of the Realm of Zot
 89362 | Zot:5    | Entered Level 5 of the Realm of Zot
 89371 | Zot:5    | Got a warped cloak
 89382 | Zot:5    | Identified the cursed +0 cloak of the Unstoppable Runes
                  | {rCorr} (You found it on level 5 of the Realm of Zot)
 89560 | Zot:5    | Noticed an ancient lich
 89573 | Zot:5    | Killed an ancient lich
 89601 | Zot:5    | Noticed an ancient lich
 89617 | Zot:5    | Noticed an ancient lich
 89617 | Zot:5    | Noticed an orb of fire
 89626 | Zot:5    | Killed an ancient lich
 89659 | Zot:5    | Killed an orb of fire
 89664 | Zot:5    | Killed an ancient lich
 89696 | Zot:5    | Reached skill level 23 in Stealth
 89729 | Zot:5    | Noticed an ancient lich
 89736 | Zot:5    | Noticed an ancient lich
 89743 | Zot:5    | Noticed an ancient lich
 89759 | Zot:5    | Paralysed by an ancient lich for 2 turns
 89764 | Zot:5    | Annihilated by an Orb Guardian

Skill      XL: |  1  2  3  4  5  6  7  8  9 10 11 12 13 14 15 16 17 18 19 20 21 22 23 24 25 26 27 |
---------------+----------------------------------------------------------------------------------+-----
Short Blades   | 1 2 3 4 5 6 8 9 10 11 12 13 14 15 16 17 18 19 21 | 21.6
Stealth        | 3 4 5 6 8 9 10 11 12 13 14 15 16 17 18 19 20 23 | 23.0
Hexes          | 6 8 10 11 12 13 14 15 16 17 18 19 20 22 | 22.9
Dodging        | 2 4 5 6 7 8 9 10 11 12 13 14 15 16 17 18 20 | 20.5
Fighting       | 3 4 6 7 8 9 10 11 14 | 14.4
Conjurations   | 3 |  3.0
Poison Magic   | 3 |  3.0
Air Magic      | 2 |  2.3
Armour         | 1 4 5 6 7 9 10 11 12 | 12.4
Spellcasting   | 3 4 5 6 7 9 10 13 | 13.0
Invocations    | 3 6 9 11 12 13 14 15 16 | 16.6
Shields        | 4 5 8 10 12 | 12.4

Action                   |  1- 3 |  4- 6 |  7- 9 | 10-12 | 13-15 | 16-18 | 19-21 | 22-24 | 25-27 || total
-------------------------+-------+-------+-------+-------+-------+-------+-------+-------+-------++-------
Melee: Dagger            |   105 |       |       |       |       |       |       |       |       ||   105
       Headbutt          |     8 |    32 |    58 |    81 |   291 |   259 |   284 |   472 |   932 ||  2417
       Short sword       |    16 |   145 |       |       |       |       |       |       |       ||   161
       Rapier            |       |    89 |   299 |   451 |  1328 |  1109 |  1112 |  1730 |    38 ||  6156
       Peck              |       |       |       |       |   192 |   257 |   292 |   324 |       ||  1065
       Quick blade       |       |       |       |       |       |       |       |       |  3007 ||  3007
       Bite              |       |       |       |       |       |       |       |       |    83 ||    83
 Cast: Corona            |     1 |     1 |     5 |     2 |     2 |     3 |       |       |     1 ||    15
       Ensorcelled Hiber |     1 |     3 |    31 |    19 |    56 |    51 |       |     3 |       ||   164
       Dazzling Spray    |       |       |     7 |    11 |    34 |    54 |    25 |    67 |     2 ||   200
       Mephitic Cloud    |       |       |       |     3 |     9 |     3 |     5 |     4 |       ||    24
       Invisibility      |       |       |       |       |     1 |     4 |     6 |    16 |    18 ||    45
       Cause Fear        |       |       |       |       |       |     4 |     3 |       |       ||     7
       Leda's Liquefacti |       |       |       |       |       |       |     1 |       |       ||     1
       Darkness          |       |       |       |       |       |       |       |     4 |    15 ||    19
       Confuse           |       |       |       |       |       |       |       |       |     1 ||     1
Invok: Shadow Step       |       |       |       |     1 |    25 |    13 |     3 |    11 |    32 ||    85
       Shadow Form       |       |       |       |       |       |     1 |     1 |       |       ||     2
 Abil: Evoke Flight      |       |       |       |       |       |       |       |       |     1 ||     1
Evoke: Wand              |       |       |       |       |     1 |     1 |       |       |       ||     2
  Use: Scroll            |       |     3 |     9 |    11 |    13 |    10 |     5 |    29 |    33 ||   113
       Potion            |       |       |       |     8 |     5 |     7 |       |     3 |    20 ||    43
 Stab: Sleeping          |     4 |    14 |    41 |    45 |   101 |    64 |    45 |   101 |   138 ||   553
       Distracted        |       |       |       |     2 |     9 |    14 |     7 |    16 |    40 ||    88
       Invisible         |       |       |       |     1 |     7 |    12 |    15 |    43 |    55 ||   133
       Confused          |       |       |       |     2 |     8 |       |     4 |     4 |       ||    18
  Eat: Chunk             |     3 |    10 |    10 |    11 |    32 |    20 |    16 |    29 |    15 ||   146
       Ration            |       |       |     3 |     3 |     5 |     9 |     6 |     8 |    16 ||    50
Armor: Robe              |    14 |    67 |    94 |    67 |     7 |    64 |       |       |       ||   313
       Skin              |       |       |     1 |       |       |     5 |       |       |       ||     6
       Steam dragon scal |       |       |       |    70 |   173 |       |       |       |       ||   243
       Ring mail         |       |       |       |       |   286 |   202 |   244 |   242 |       ||   974
       Chain mail        |       |       |       |       |    17 |       |       |       |       ||    17
       Scale mail        |       |       |       |       |       |       |       |    85 |   419 ||   504
Dodge: Dodged            |    72 |   116 |   138 |   236 |   969 |   561 |   479 |  1065 |  1305 ||  4941
       Deflected         |       |       |       |       |       |       |       |    25 |    41 ||    66
Block: Buckler           |       |       |       |       |    46 |   271 |   176 |   373 |   827 ||  1693
       Reflection        |       |       |       |       |       |       |       |     3 |    63 ||    66
